Map: Deathaura LE

Players

piglet

  • Race: Terran Terran
  • League: Grandmaster
  • Spawn Location: 11:00

EnDerr - Winner!

  • Race: Zerg Zerg
  • League: Master
  • Spawn Location: 5:00

Event: DreamHack SC2 Masters 2020 Fall

VOD

Have the link to the VOD?

Description

Time

  • Played on: Aug. 27, 2020, 5:12 a.m.
  • Length: 11:50

All games in this series

Show
View Real Time Build Order
Export as new Build Order

piglet Terran 

Build Orders: Gas First Reaper Expand, Mech, Banshee Rush 

Get SALT Encoding   

  12  0:00  SCV  
  13  0:12  SCV  
  14  0:17  Supply Depot  
  14  0:25  SCV  
  15  0:29  Refinery  
  15  0:38  SCV  
  16  0:44  Barracks  
  16  0:51  SCV  
  17  1:03  SCV  
  18  1:15  SCV  
  19  1:32  Orbital Command, Reaper  
  20  1:44  Command Center  
  20  1:56  Factory  
  20  1:59  SCV  
  21  2:06  Barracks Reactor  
  21  2:09  Refinery  
  21  2:11  SCV  
  22  2:18  Supply Depot  
  22  2:23  SCV  
  23  2:39  SCV  
  23  2:41  Starport  
  24  2:48  Hellion  
  24  2:50  Hellion  
  28  2:51  SCV  
  29  2:59  Orbital Command  
  29  3:03  SCV  
  29  3:04  Barracks Tech Lab  
  30  3:16  Hellion, SCV  
  30  3:18  Hellion  
  35  3:25  Banshee  
  38  3:29  Barracks Tech Lab  
  38  3:31  SCV  
  38  3:33  SCV  
  40  3:39  Cloaking Field  
  40  3:43  SCV  
  40  3:45  SCV  
  40  3:46  Supply Depot  
  42  3:55  SCV  
  42  3:57  SCV  
  42  4:01  Marine x2  
  46  4:07  Supply Depot  
  46  4:08  Siege Tank, SCV  
  46  4:09  SCV  
  51  4:10  Banshee  
  54  4:24  SCV  
  54  4:28  Armory  
  54  4:29  SCV  
  55  4:35  Command Center  
  55  4:36  SCV  
  56  4:41  SCV  
  56  4:42  Refinery  
  56  4:43  Marine  
  56  4:44  Supply Depot  
  56  4:45  Marine  
  59  4:48  SCV  
  60  4:53  SCV  
  60  4:54  Engineering Bay  
  60  4:59  Supply Depot  
  61  5:00  SCV  
  61  5:06  SCV  
  63  5:15  Marine x2  
  63  5:17  SCV  
  63  5:20  SCV, Thor  
  73  5:24  Supply Depot  
  73  5:25  Missile Turret  
  73  5:27  Missile Turret  
  70  5:30  Missile Turret  
  70  5:34  Viking  
  72  5:39  Factory, SCV  
  72  5:41  SCV  
  72  5:42  Refinery  
  74  5:51  SCV  
  74  5:52  Orbital Command  
  74  5:53  SCV  
  72  6:02  Factory  
  72  6:03  SCV  
  72  6:05  SCV  
  72  6:08  Medivac  
  75  6:16  SCV  
  76  6:24  SCV  
  83  6:26  Orbital Command  
  83  6:28  SCV  
  83  6:30  Supply Depot  
  84  6:33  Supply Depot  
  84  6:37  SCV  
  85  6:40  SCV  
  85  6:44  Siege Tank  
  83  6:51  SCV  
  83  6:52  SCV  
  85  6:54  Refinery  
  85  6:55  Supply Depot  
  85  6:57  Siege Tank  
  85  6:58  Hellion x2, Refinery  
  85  6:59  Starport Reactor  
  92  7:02  Terran Vehicle Weapons Level 1  
  92  7:03  SCV x2  
  92  7:04  Armory, SCV  
  92  7:05  Command Center  
  95  7:15  SCV x2, Supply Depot  
  96  7:17  Hellion  
  96  7:21  Hellion x2, Supply Depot  
  103  7:25  Missile Turret  
  103  7:29  Siege Tank, SCV  
  101  7:38  Siege Tank  
  101  7:42  Hellion, SCV x2  
  108  7:46  Hellion  
  108  7:49  Refinery  
  108  7:51  Missile Turret, Supply Depot  
  109  7:53  Terran Vehicle And Ship Armor Level 1  
  109  7:56  Factory  
  109  7:57  Barracks Tech Lab  
  109  7:59  Factory, Supply Depot  
  109  8:02  Hellion  
  111  8:16  Siege Tank  
  111  8:17  Hellion  
  111  8:18  Hellion  
  115  8:23  Viking, Siege Tank  
  115  8:25  Viking  
  115  8:28  Thor  
  115  8:38  Hellion  
  115  8:39  Hellion  
  119  8:46  Command Center, SCV  
  120  8:48  Siege Tank  
  120  8:50  Hellion, Factory Reactor  
  120  8:55  Siege Tank  
  127  8:59  Hellion  
  127  9:01  Hellion  
  131  9:11  Hellion  
  131  9:20  Thor  
  131  9:22  Orbital Command  
  131  9:23  Missile Turret  
  137  9:25  Missile Turret  
  137  9:26  Hellion  
  137  9:27  Hellion  
  134  9:34  Hellion  
  134  9:36  SCV x2  
  138  9:40  Refinery  
  138  9:42  Infernal Pre-Igniter  
  137  9:48  SCV  
  137  9:49  SCV, Thor  
  137  9:51  Refinery  
  141  9:53  Missile Turret  
  141  9:57  Hellion  
  133  10:02  Thor  
  133  10:04  Orbital Command  
  139  10:13  SCV x2  
  141  10:15  Thor  
  141  10:21  Supply Depot  
  147  10:23  Hellion  
  147  10:24  Hellion  
  151  10:34  Missile Turret  
  151  10:39  Thor  
  151  10:42  Hellion  
  159  10:45  Hellion  
  159  10:47  Hellion  
  159  10:48  Hellion  
  159  10:51  Hellion  
  122  10:58  Hellion  
  122  11:03  Hellion  
  109  11:07  SCV x2  
  102  11:14  SCV  
  98  11:19  SCV  
  95  11:30  Missile Turret  
  103  11:34  SCV  
  103  11:35  SCV  
Show
View Real Time Build Order
Export as new Build Order

EnDerr Zerg - Winner!

Build Orders: Hatch First 

Get SALT Encoding   

  12  0:00  Drone  
  13  0:13  Overlord  
  13  0:17  Drone  
  14  0:31  Drone  
  14  0:32  Drone  
  16  0:48  Hatchery  
  15  0:52  Drone  
  15  0:55  Drone  
  17  0:59  Drone  
  18  1:10  Extractor  
  17  1:15  Spawning Pool  
  17  1:17  Drone  
  17  1:21  Drone  
  18  1:30  Drone  
  19  1:43  Drone  
  20  1:52  Drone  
  21  2:01  Queen x2  
  21  2:02  Zergling x4  
  27  2:12  Overlord  
  27  2:14  Drone  
  28  2:31  Drone x2  
  28  2:32  Drone  
  28  2:33  Drone  
  32  2:40  Lair  
  32  2:41  Queen  
  34  2:46  Overlord  
  34  2:48  Drone  
  35  2:56  Drone  
  36  3:10  Drone x5  
  41  3:18  Drone x3  
  41  3:19  Extractor  
  43  3:20  Roach Warren  
  43  3:26  Overlord  
  42  3:28  Overlord  
  42  3:30  Drone x2  
  44  3:40  Spire  
  43  3:41  Extractor x2  
  41  3:50  Drone x8  
  49  3:58  Drone  
  49  4:02  Metabolic Boost  
  50  4:05  Drone  
  51  4:12  Overlord  
  51  4:19  Overlord  
  51  4:26  Hatchery  
  51  4:27  Drone x2  
  52  4:38  Overseer  
  52  4:39  Overlord x2  
  52  4:51  Mutalisk x5  
  62  5:05  Overseer  
  62  5:06  Drone x7  
  66  5:17  Drone x2  
  66  5:21  Glial Reconstitution  
  66  5:25  Drone x2, Evolution Chamber  
  66  5:26  Drone x2  
  67  5:33  Drone x4  
  71  5:35  Spore Crawler  
  71  5:41  Overlord  
  70  5:43  Drone x2, Spore Crawler  
  70  5:48  Drone  
  69  5:56  Drone x2  
  70  6:02  Drone x4  
  70  6:03  Drone x2  
  76  6:04  Zerg Missile Weapons Level 1  
  76  6:05  Overlord  
  76  6:11  Overlord  
  76  6:23  Mutalisk x5  
  86  6:32  Evolution Chamber  
  85  6:33  Extractor, Overlord  
  85  6:34  Extractor  
  85  6:38  Drone x6  
  89  6:46  Roach  
  89  6:47  Roach x4  
  99  6:53  Roach x4  
  99  6:54  Roach  
  109  7:00  Roach  
  111  7:03  Overlord  
  111  7:04  Roach x2  
  114  7:10  Roach x2  
  114  7:14  Roach x2  
  121  7:18  Overlord x2  
  121  7:20  Overlord x2  
  121  7:30  Roach x2  
  121  7:36  Overlord  
  121  7:37  Roach x2, Overlord  
  123  7:38  Roach x2  
  123  7:39  Ravager x9  
  123  7:41  Roach  
  142  7:48  Roach x3  
  146  7:56  Drone  
  149  7:58  Roach x2  
  149  8:00  Roach x2  
  149  8:02  Roach x2  
  159  8:10  Roach  
  161  8:13  Roach x3  
  151  8:30  Overseer  
  151  8:32  Zerg Flyer Weapons Level 1  
  151  8:34  Zerg Missile Weapons Level 2, Zerg Melee Weapons Level 1  
  149  8:38  Baneling Nest  
  149  8:39  Hatchery  
  147  8:46  Mutalisk x3  
  153  8:52  Overseer  
  153  8:53  Mutalisk  
  153  8:55  Overlord x3  
  155  8:57  Drone  
  155  8:58  Drone x10  
  166  9:07  Overlord  
  166  9:10  Overseer  
  166  9:11  Extractor  
  166  9:12  Mutalisk x4  
  166  9:14  Extractor  
  168  9:20  Mutalisk  
  170  9:25  Overlord  
  170  9:28  Mutalisk  
  170  9:30  Mutalisk  
  170  9:38  Drone x4  
  173  9:39  Drone x2  
  173  9:40  Mutalisk  
  173  9:44  Mutalisk  
  180  9:49  Mutalisk  
  178  9:57  Mutalisk  
  174  10:02  Mutalisk  
  168  10:07  Zergling x24  
  168  10:08  Zergling x12  
  168  10:14  Queen  
  186  10:18  Mutalisk  
  186  10:20  Mutalisk  
  192  10:22  Overseer  
  192  10:25  Mutalisk  
  192  10:27  Mutalisk x2  
  198  10:30  Hatchery  
  198  10:32  Mutalisk  
  199  10:48  Mutalisk  
  178  10:50  Mutalisk x2  
  178  10:52  Mutalisk  
  178  10:55  Mutalisk  
  146  10:59  Mutalisk  
  132  11:05  Zergling x32  
  146  11:12  Mutalisk  
  146  11:13  Mutalisk x2  
  146  11:18  Zergling x8  
  154  11:22  Mutalisk  
  156  11:26  Mutalisk  
  156  11:27  Zergling x2  

Tags
 
Add a new tag
Caveats
  • Supply blocks, unpowered buildings, or Contaminate may cause inaccurate times.
  • Supply counts are checked every 10 seconds.